 Dungeon Crawl Stone Soup version 0.31-a0-300-g4ac5daa9c1 (webtiles) character file.

Game seed: 12361398950677418591

159 Crownlay the Magician (level 5, -4/28 HPs)
             Began as a Deep Elf Venom Mage on July 15, 2023.
             Slain by Menkaure (18 damage)
             ... on level 4 of the Dungeon on July 16, 2023.
             The game lasted 00:13:28 (3201 turns).

Crownlay the Magician (Deep Elf Venom Mage)         Turns: 3201, Time: 00:13:28

Health: -4/28      AC:  5    Str:  5    XL:     5   Next: 17%
Magic:  8/13       EV: 11    Int: 22    God:
Gold:   139        SH:  0    Dex: 15    Spells: 2/12 levels left

rFire   + . .        c - +0 dagger
rCold   + + .        (no shield)
rNeg    . . .        l - +0 leather armour of Etryi {rC++}
rPois   .            t - +0 helmet
rElec   .            (no cloak)
rCorr   .            s - +0 pair of gloves
SInv    .            (no boots)
Will    +....        (no amulet)
Stlth   ++           f - ring of protection from fire
HPRegen 0.24/turn    h - ring of willpower
MPRegen 0.13/turn

%: no passive effects
@: very slightly contaminated
A: no striking features
a: no special abilities


You were on level 4 of the Dungeon.
You visited 1 branch of the dungeon, and saw 4 of its levels.

You collected 139 gold pieces.

Inventory:

Hand Weapons
 c - a +0 dagger (weapon)
Missiles
 g - 3 poisoned darts
Armour
 l - the +0 leather armour of Etryi (worn) {rC++}
   (You found it on level 2 of the Dungeon)

   rC:        It greatly protects you from cold.
 p - an orb of light
 s - a +0 pair of gloves (worn)
 t - a +0 helmet (worn)
Jewellery
 a - a ring of willpower
 f - a ring of protection from fire (left hand)
 h - a ring of willpower (right hand)
 n - a ring of fire
 o - an amulet of magic regeneration
 q - a ring of positive energy
Talismans
 k - a serpent talisman
Scrolls
 d - a scroll of teleportation {unknown}
 e - 3 scrolls of fear {unknown}
 i - a scroll of identify {unknown}
 j - 2 scrolls of enchant weapon {unknown}
 r - a scroll of blinking {unknown}
Potions
 b - a potion of magic
 m - a potion of mutation {unknown}


   Skills:
 - Level 2.4 Dodging
 - Level 2.4 Stealth
 + Level 4.3 Spellcasting
 + Level 2.4 Transmutations
 * Level 2.0 Fire Magic
 + Level 4.1 Poison Magic
 + Level 1.7 Shapeshifting


You had 2 spell levels left.
You knew the following spells:

 Your Spells              Type           Power      Damage    Failure   Level
a - Sting                 Tmut/Pois      76%        1d6       4%          1
b - Poisonous Vapours     Pois/Air       26%        N/A       12%         2
c - Ignite Poison         Fire/Tmut/Pois 17%        N/A       17%         3
d - Olgreb's Toxic Radia  Pois           23%        N/A       32%         4

Your spell library contained the following spells:

 Spells                   Type           Power      Damage    Failure   Level
 Mephitic Cloud           Conj/Pois/Air  10%        N/A       30%         3
 Sticky Flame             Conj/Fire      9%         2d3       75%         4
 Ignition                 Fire           6%         3d4       100%        8


Dungeon Overview and Level Annotations

Branches:
Dungeon (4/15)
 Temple: D:4-7

Altars:
Dithmenos
Makhleb

Annotations:
D:3 2 runed translucent doors, P0068685's ghost, amateur DrIE
D:4 Menkaure


Message History

Confirm with . or Enter, or press ? or * to list all spells.
Aiming: Sting (safe; 4% risk of failure)
Press: ? - help, Shift-Dir - straight line, f/p - Menkaure
Aim: Menkaure (lightly damaged, 88% to hit)
The sting hits Menkaure.
Menkaure partially resists.
Menkaure is lightly damaged.
Casting: Sting (safe; 4% risk of failure)
Confirm with . or Enter, or press ? or * to list all spells.
Aiming: Sting (safe; 4% risk of failure)
Press: ? - help, Shift-Dir - straight line, f/p - Menkaure
Aim: Menkaure (lightly damaged, 88% to hit)
You miscast Sting.
You are very lightly contaminated with residual magic.
Nothing appears to happen.
Menkaure barely misses you.
Casting: Sting (safe; 4% risk of failure)
Confirm with . or Enter, or press ? or * to list all spells.
Aiming: Sting (safe; 4% risk of failure)
Press: ? - help, Shift-Dir - straight line, f/p - Menkaure
Aim: Menkaure (lightly damaged, 88% to hit)
The sting hits Menkaure.
Menkaure partially resists.
Menkaure is lightly damaged.
Menkaure casts a spell.
Menkaure seems to speed up.
Casting: Sting (safe; 4% risk of failure)
Confirm with . or Enter, or press ? or * to list all spells.
Aiming: Sting (safe; 4% risk of failure)
Press: ? - help, Shift-Dir - straight line, f/p - Menkaure
Aim: Menkaure (lightly damaged, fast, 88% to hit)
The sting hits Menkaure.
Menkaure is lightly damaged.
Menkaure hits you.
You hit Menkaure but do no damage. You punch Menkaure, but do no damage.
Menkaure is lightly damaged.
Menkaure barely misses you.
You barely miss Menkaure.
Menkaure is lightly damaged.
Menkaure calls on the powers of darkness!
Your body is wracked with pain!
Menkaure hits you!!
Ouch! That really hurt!
You die...

###.......####†.
.........## ###
...........# #
#####......## # . ##
##......# # ...
#.#####......## #
....####.#...........# #
......................##
.......@.##............#
......M#.#.............#
.......#..##..##..####.#
...........#..##..# #
#............###..# #
.............# #..# #
.........?..####..# #
............##.#..# #
.............#..######


You could see Menkaure (fast).

Vanquished Creatures
  A hound (D:2)
  Robin (D:4)
  3 gnolls (D:3)
  3 adders (D:2)
  5 bats
  An endoplasm (D:1)
  A giant cockroach (D:1)
  14 goblins
  8 hobgoblins
  7 jackals
  3 kobolds
  2 quokkas
  3 ball pythons
  2 frilled lizards
  9 rats
63 creatures vanquished.

Notes
Turn   | Place    | Note
-------+----------+-------------------------------------------
     0 | D:1      | Crownlay the Deep Elf Venom Mage began the quest for the
                  | Orb.
     0 | D:1      | Reached XP level 1. HP: 10/10 MP: 6/6
   321 | D:1      | Reached XP level 2. HP: 15/15 MP: 6/8
   326 | D:1      | Learned a level 2 spell: Poisonous Vapours
   896 | D:2      | Reached skill level 1 in Shapeshifting
   896 | D:2      | Reached XP level 3. HP: 18/19 MP: 2/10
   961 | D:2      | Learned a level 3 spell: Ignite Poison
  1031 | D:2      | Reached skill level 1 in Fire Magic
  1114 | D:2      | Reached XP level 4. HP: 21/24 MP: 4/11
  1386 | D:2      | Found a shadowy altar of Dithmenos.
  1765 | D:2      | Identified the +0 leather armour of Etryi {rC++}
  1857 | D:3      | Found a large runed translucent door.
  1857 | D:3      | Found a large runed translucent door.
  1872 | D:3      | Noticed P0068685's ghost (amateur DrIE)
  2289 | D:3      | Found a burning altar of Makhleb.
  2768 | D:4      | Noticed Robin
  2848 | D:3      | Learned a level 4 spell: Olgreb's Toxic Radiance
  2851 | D:4      | Reached XP level 5. HP: 23/28 MP: 8/13
  2851 | D:4      | Killed Robin
  2929 | D:3      | Upgraded the game from 0.31-a0-271-gb88eb75e06 to
                  | 0.31-a0-277-g31ea1f65cc
  2929 | D:3      | Upgraded the game from 0.31-a0-277-g31ea1f65cc to
                  | 0.31-a0-300-g4ac5daa9c1
  3064 | D:4      | Noticed Menkaure
  3201 | D:4      | Slain by Menkaure

Illustrated notes

Levels and vault maps discovered:
D:1:      ldierk_walled_garden_2, layout_loops_ring, nicolae_the_louvre
D:2:      layout_loops_ring, basic_altar
D:3:      layout_basic, overflow_temple_1_default, ebering_ghost_disaster_area
D:4:      layout_layer_cave, marbit_many_paths, serial_shops,
          kennysheep_mini_moat, minmay_misc_feat_rugged, minmay_rat_hole,
          uniq_duvessa, uniq_menkaure, uniq_robin

Skill      XL: |  1  2  3  4  5 |
---------------+----------------+-----
Shapeshifting  | 1 |  1.7
Fire Magic     | 1 2 |  2.0
Transmutations | 2 |  2.4
Spellcasting   | 4 |  4.3
Poison Magic   | 4 |  4.1
Dodging        | |  2.4
Stealth        | |  2.4

Action                     |  1- 3 |  4- 6 || total
---------------------------+-------+-------++-------
  Melee: Dagger            |     9 |    23 ||    32
         Punch             |       |     1 ||     1
  Throw: Dart              |     5 |     3 ||     8
   Cast: Sting             |    33 |    38 ||    71
         Poisonous Vapours |     4 |    10 ||    14
         Ignite Poison     |     1 |     5 ||     6
         Olgreb's Toxic Ra |       |     1 ||     1
   Stab: Sleeping          |       |     1 ||     1
 Armour: Robe              |     4 |     1 ||     5
         Leather armour    |       |     7 ||     7
  Dodge: Dodged            |    16 |    31 ||    47

Table legend: (Time is in decaauts)
 A = Elapsed time spent in this place.
 B = Non-inter-level travel time spent in this place.
 C = Inter-level travel time spent in this place.
 D = Time resting spent in this place.
 E = Time spent auto-exploring this place.
 F = Levels seen in this place.
 G = Mean time per level.
                   A        B        C        D        E       F      G
               +--------+--------+--------+--------+--------+-----+--------+
         Total |   3200 |   3081 |    119 |    209 |   1911 |   4 |  800.0 |
       Dungeon |   3200 |   3081 |    119 |    209 |   1911 |   4 |  800.0 |
               +--------+--------+--------+--------+--------+-----+--------+

Top non-repeatable levels by time:
     D:3: 1040 daAuts
     D:2: 941 daAuts
     D:1: 888 daAuts
     D:4: 330 daAuts
